Map: Dasan Station LE

Players

Abacoot - Winner!

  • Race: Terran Terran
  • League: Silver
  • Spawn Location: 12:00

Marco

  • Race: Terran Terran
  • League: Silver
  • Spawn Location: 6:00

VOD

Have the link to the VOD?

Description

Time

  • Played on: Sept. 28, 2016, 11:50 p.m.
  • Length: 11:26
Show
View Real Time Build Order
Export as new Build Order

Abacoot Terran - Winner!

Build Orders: MMM Bio 

Get SALT Encoding   

  12  0:01  SCV  
  13  0:13  SCV  
  14  0:17  Supply Depot  
  14  0:25  SCV  
  15  0:39  SCV, Barracks  
  16  0:45  Refinery  
  16  0:51  SCV  
  17  1:03  SCV  
  18  1:15  SCV  
  19  1:31  Command Center  
  19  1:37  Orbital Command  
  19  1:40  Marine  
  20  1:53  Supply Depot  
  20  1:58  Barracks Reactor  
  20  2:06  Barracks  
  20  2:07  SCV  
  21  2:14  Supply Depot  
  21  2:33  SCV  
  21  2:36  Marine x2  
  24  2:43  Orbital Command  
  24  2:45  SCV  
  25  2:53  Barracks, Marine  
  25  2:54  Marine  
  27  3:00  Barracks Reactor, Factory  
  27  3:08  SCV  
  27  3:11  Marine  
  27  3:12  Marine  
  30  3:18  SCV  
  31  3:29  SCV, Marine  
  31  3:30  SCV, Marine  
  35  3:41  SCV  
  36  3:42  SCV  
  36  3:45  Marine  
  36  3:46  Marine  
  36  3:47  Marine x2  
  41  3:50  Barracks Tech Lab  
  41  3:51  Starport  
  41  3:53  SCV  
  41  3:55  Engineering Bay  
  42  3:56  Engineering Bay  
  42  3:57  Barracks  
  42  4:03  Marine x2  
  42  4:04  SCV  
  42  4:05  SCV  
  46  4:12  Marine  
  46  4:13  Marine  
  46  4:16  SCV  
  49  4:17  SCV  
  49  4:21  Marine  
  51  4:28  SCV  
  52  4:35  Command Center  
  52  4:39  Combat Shields  
  52  4:45  Starport Reactor  
  52  4:46  Barracks  
  52  4:55  Barracks Tech Lab  
  52  4:57  Marine x2  
  54  5:02  Supply Depot  
  54  5:04  Supply Depot  
  54  5:09  Refinery  
  54  5:23  Marine  
  54  5:24  Refinery, SCV x2  
  54  5:25  Supply Depot  
  54  5:26  Refinery  
  54  5:27  Stimpack  
  54  5:28  Supply Depot  
  57  5:29  Marine x2  
  57  5:30  Marine x2  
  61  5:36  SCV x2  
  61  5:41  Marine  
  64  5:47  Orbital Command  
  64  5:48  SCV x2  
  66  5:58  Concussive Shells  
  66  6:00  SCV x2  
  66  6:01  Marine x3  
  66  6:02  Marine  
  66  6:03  Marine  
  74  6:08  Barracks Reactor  
  73  6:12  Supply Depot x2, SCV x2  
  73  6:14  Medivac x2  
  79  6:19  Marine  
  80  6:31  Terran Infantry Weapons Level 1  
  80  6:35  Supply Depot x2  
  80  6:40  Terran Infantry Armor Level 1  
  80  6:44  Medivac x2  
  80  6:46  Refinery  
  84  6:48  Refinery  
  84  6:52  Marauder  
  84  6:53  Marine  
  84  6:54  Marine x3  
  87  6:55  Marine  
  87  6:56  Marine  
  87  6:59  Supply Depot x2  
  92  7:07  SCV x2  
  92  7:08  SCV  
  95  7:11  Marine  
  95  7:13  Marauder  
  95  7:14  Medivac  
  95  7:15  Marine x2  
  101  7:16  Marine x2  
  101  7:17  Marine  
  101  7:19  SCV x2  
  101  7:20  SCV  
  101  7:22  Supply Depot  
  108  7:29  Marine  
  109  7:32  Marine  
  109  7:33  Marine  
  109  7:35  Marauder  
  109  7:37  Marine x3  
  113  7:41  SCV  
  113  7:42  SCV x2  
  119  7:47  Marine  
  119  7:50  Marine  
  119  7:51  Marine  
  121  7:53  Armory, SCV  
  121  7:54  SCV, Marine  
  121  7:56  Marauder  
  121  7:57  Barracks  
  127  8:00  Barracks  
  127  8:01  Barracks  
  127  8:17  Marauder  
  127  8:19  Marauder  
  131  8:20  Marine x2  
  131  8:21  Marine x3  
  131  8:22  Marine  
  137  8:30  Supply Depot  
  137  8:32  Supply Depot  
  137  8:39  Terran Infantry Weapons Level 2, Marauder  
  137  8:40  Marauder, Terran Infantry Armor Level 2  
  141  8:45  Barracks Tech Lab  
  141  8:47  Medivac x2  
  145  8:48  Barracks Tech Lab  
  145  8:50  Barracks Tech Lab  
  145  8:54  Supply Depot x3  
  145  8:55  Marine x3  
  147  8:56  Supply Depot, Marine x3  
  147  8:57  Supply Depot  
  147  9:00  Marauder  
  147  9:01  Marauder  
  155  9:05  Marauder  
  155  9:08  Marauder  
  159  9:13  Marine x3  
  162  9:22  Marauder  
  162  9:23  Marauder  
  166  9:27  Marauder  
  166  9:30  Marauder  
  127  9:43  Marauder  
  127  9:44  Marauder  
  131  9:48  Marauder  
  131  9:50  Marine  
  131  9:51  Marine x6  
  127  10:04  Marine  
  127  10:05  Marine  
  119  10:08  Marine x2  
  119  10:09  Marine x6  
  119  10:22  Marine  
  119  10:23  Marine  
  119  10:26  Marine x3  
  119  10:27  Marine x5  
  117  10:39  Marine  
  117  10:41  Marine  
  115  10:44  Marine x5  
  115  10:45  Marine x3  
  118  10:57  Marine  
  118  10:58  Marine  
  118  11:02  Marine x7  
  118  11:03  Marine  
Show
View Real Time Build Order
Export as new Build Order

Marco Terran 

Build Orders: Command Center First (CC) 

Get SALT Encoding   

  12  0:01  SCV  
  13  0:13  SCV  
  14  0:25  SCV  
  15  0:45  Command Center  
  15  0:52  Supply Depot  
  15  0:59  Refinery  
  15  1:13  SCV  
  16  1:19  Barracks  
  16  1:25  SCV  
  17  1:37  SCV  
  18  1:50  SCV  
  18  1:53  Barracks  
  19  1:55  Refinery  
  19  1:57  SCV  
  20  2:02  SCV  
  20  2:07  Barracks Tech Lab  
  21  2:08  Barracks Reactor  
  21  2:14  SCV  
  23  2:22  SCV  
  23  2:27  Factory  
  23  2:32  SCV  
  23  2:35  SCV  
  25  2:44  SCV  
  26  2:45  Barracks Reactor  
  26  2:46  Barracks Tech Lab  
  26  2:47  SCV  
  27  2:55  Engineering Bay  
  27  2:58  SCV  
  28  3:00  SCV  
  28  3:01  Marine  
  28  3:02  Marine  
  33  3:06  Marauder  
  33  3:10  Stimpack  
  33  3:14  Factory Tech Lab  
  33  3:18  SCV  
  33  3:19  SCV  
  35  3:30  SCV, Barracks  
  35  3:32  Marauder  
  38  3:37  Supply Depot  
  38  3:57  Terran Infantry Weapons Level 1  
  38  3:58  SCV, Marine x2  
  41  4:04  SCV  
  42  4:10  Supply Depot, SCV  
  43  4:19  Refinery  
  43  4:20  SCV  
  43  4:23  Barracks Reactor  
  44  4:27  Starport  
  44  4:28  Marine x2  
  46  4:32  Supply Depot, Marauder  
  48  4:39  Armory  
  48  4:44  Refinery  
  48  4:47  Siege Tank  
  48  4:50  Marine  
  48  4:51  Marine  
  53  4:54  Supply Depot  
  53  4:56  SCV  
  53  4:59  SCV  
  55  5:08  SCV  
  55  5:10  Marine x2  
  55  5:11  SCV  
  55  5:12  Marauder  
  61  5:19  Starport Reactor  
  61  5:20  SCV  
  62  5:28  Starport  
  62  5:33  Fusion Core  
  62  5:36  SCV  
  63  5:43  Terran Ship Weapons Level 1  
  63  5:49  SCV  
  64  5:50  Supply Depot  
  64  5:56  SCV  
  65  6:00  Siege Tank  
  65  6:01  SCV  
  69  6:08  SCV  
  70  6:11  Medivac, Marine x4  
  70  6:12  Supply Depot  
  76  6:20  Armory  
  76  6:28  Orbital Command  
  76  6:30  Planetary Fortress  
  76  6:31  Marine x2  
  78  6:49  Starport Reactor, Marine x4  
  82  7:04  Starport  
  82  7:18  Command Center  
  82  7:34  Siege Tank  
  85  7:42  Starport  
  85  7:44  Terran Ship Weapons Level 2  
  85  7:58  Supply Depot  
  85  8:04  Supply Depot  
  85  8:19  Medivac x2, Starport  
  89  8:21  Supply Depot  
  89  8:22  Viking  
  91  8:28  Supply Depot  
  91  8:30  Marine  
  91  8:32  Terran Infantry Weapons Level 2  
  92  8:40  Terran Vehicle Weapons Level 1, Engineering Bay  
  92  8:45  Supply Depot  
  92  8:48  Marine  
  93  8:49  Refinery  
  93  8:50  SCV  
  93  8:52  Supply Depot  
  93  8:54  SCV  
  95  9:02  SCV  
  96  9:06  SCV  
  97  9:14  Refinery, SCV  
  54  9:39  Marine  
  53  9:53  Marine  
  47  10:04  Siege Tank  
  40  10:36  Siege Tank  
Tags
 
Add a new tag
Caveats
  • Supply blocks, unpowered buildings, or Contaminate may cause inaccurate times.
  • Supply counts are checked every 10 seconds.